[ AOE2 MATCH · #506186915 ]
UnrankedChinese vs Slavs
Player's team · LOSS
Rival team · WIN
[ REPLAY ANALYSIS · EXTRACTED FROM THE RECORDED GAME ]
Feudal
8:52
Castle
24:08
Imperial
39:27
| APM avg | 56.5 |
| APM peak | 114 |
| eAPM avg | 27.0 |
| Villagers / military | 138 / 80 |
Focus
⚔️ 29.1% · 🌾 70.9%
Archer ×67 · Knight ×6 · Scout Cavalry ×5 · Spearman ×1 · Skirmisher ×1
Feudal
10:19
Castle
24:00
Imperial
37:59
| APM avg | 71.9 |
| APM peak | 126 |
| eAPM avg | 24.7 |
| Villagers / military | 161 / 85 |
Focus
⚔️ 26.5% · 🌾 73.5%
Knight ×32 · Skirmisher ×20 · Scout Cavalry ×15 · Monk ×9 · Trebuchet (Packed) ×5 · Militia ×4
Match map
Initial resources + every placement click. Lines = walls · curves = elevation contours. ◆ gold · ⬟ stone · ● berries · ✦ relic · ◌ wall gap
Your base· Open — unwalled flank
LukeTheHunter's base· ✓ Closed at 24:00 · 52t walls · 2 gate(s)
Smoothed initial terrain · ◌ = detected wall gap · hover for details
Inputs per minute
— Maquiavelo - - LukeTheHunter
Build order — Maquiavelo
First 150 of 419 actions detected
| 0:00 | Research | Loom |
| 0:00 | Research | Loom |
| 0:53 | Create | Villager (Male) |
| 0:53 | Create | Villager (Male) |
| 1:16 | Create | Villager (Male) |
| 1:39 | Create | Villager (Male) |
| 1:40 | Create | Villager (Male) |
| 2:07 | Build | Lumber Camp |
| 2:08 | Create | Villager (Male) |
| 2:30 | Create | Villager (Male) |
| 2:30 | Create | Villager (Male) |
| 2:56 | Create | Villager (Male) |
| 2:57 | Create | Villager (Male) |
| 3:01 | Build | House |
| 3:16 | Create | Villager (Male) |
| 3:48 | Create | Villager (Male) |
| 3:49 | Create | Villager (Male) |
| 3:53 | Create | Villager (Male) |
| 3:53 | Create | Villager (Male) |
| 4:16 | Build | Mill |
| 4:39 | Create | Villager (Male) |
| 4:40 | Create | Villager (Male) |
| 4:47 | Create | Villager (Male) |
| 5:03 | Create | Villager (Male) |
| 6:42 | Research | Feudal Age |
| 6:49 | Build | Barracks |
| 7:16 | Build | House |
| 7:35 | Build | House |
| 8:17 | Create | Villager (Male) |
| 8:24 | Build | Palisade Wall |
| 8:29 | Build | Palisade Wall |
| 8:34 | Build | House |
| 8:47 | Create | Villager (Male) |
| 8:52 | Age | Feudal Age |
| 8:59 | Build | Archery Range |
| 9:02 | Research | Double-Bit Axe |
| 9:05 | Build | Palisade Wall |
| 9:09 | Build | House |
| 9:11 | Create | Villager (Male) |
| 9:25 | Build | Palisade Wall |
| 9:28 | Build | Palisade Wall |
| 9:30 | Build | Palisade Wall |
| 9:33 | Build | Palisade Wall |
| 9:38 | Create | Villager (Male) |
| 9:42 | Build | House |
| 9:49 | Create | Villager (Male) |
| 9:55 | Create | Villager (Male) |
| 10:08 | Build | House |
| 10:10 | Build | Palisade Wall |
| 10:13 | Build | Palisade Wall |
| 10:16 | Create | Villager (Male) |
| 10:23 | Build | Mining Camp |
| 10:24 | Create | Villager (Male) |
| 10:39 | Create | Archer |
| 10:39 | Create | Archer |
| 11:01 | Create | Archer |
| 11:15 | Build | Blacksmith |
| 11:26 | Build | House |
| 11:30 | Build | House |
| 11:32 | Create | Archer |
| 11:42 | Build | House |
| 11:44 | Build | Mill |
| 12:06 | Build | House |
| 12:08 | Build | Farm |
| 12:16 | Build | Farm |
| 12:16 | Create | Villager (Male) |
| 12:22 | Create | Archer |
| 12:36 | Build | House |
| 12:45 | Create | Villager (Male) |
| 12:46 | Create | Villager (Male) |
| 12:48 | Build | House |
| 12:51 | Build | Farm |
| 12:56 | Create | Archer |
| 13:09 | Create | Villager (Male) |
| 13:12 | Build | Farm |
| 13:28 | Create | Villager (Male) |
| 13:33 | Build | Farm |
| 13:43 | Create | Villager (Male) |
| 13:55 | Create | Archer |
| 14:09 | Research | Fletching |
| 14:31 | Create | Villager (Male) |
| 14:32 | Build | Stable |
| 14:39 | Create | Archer |
| 14:39 | Create | Archer |
| 14:40 | Create | Villager (Male) |
| 14:48 | Create | Villager (Male) |
| 15:01 | Create | Villager (Male) |
| 15:03 | Build | Farm |
| 15:06 | Create | Archer |
| 15:17 | Create | Archer |
| 15:18 | Create | Scout Cavalry |
| 15:22 | Build | House |
| 15:31 | Build | House |
| 15:42 | Create | Archer |
| 15:57 | Create | Scout Cavalry |
| 16:02 | Create | Villager (Male) |
| 16:03 | Create | Villager (Male) |
| 16:03 | Create | Villager (Male) |
| 16:03 | Create | Villager (Male) |
| 16:06 | Build | Farm |
| 16:50 | Create | Scout Cavalry |
| 16:51 | Create | Villager (Male) |
| 16:53 | Build | Farm |
| 16:55 | Build | Farm |
| 16:55 | Build | Farm |
| 16:57 | Build | Farm |
| 17:02 | Create | Archer |
| 17:05 | Create | Archer |
| 17:25 | Build | Lumber Camp |
| 17:30 | Create | Archer |
| 17:32 | Create | Villager (Male) |
| 17:38 | Create | Archer |
| 17:47 | Build | Farm |
| 17:50 | Create | Villager (Male) |
| 17:56 | Create | Villager (Male) |
| 18:19 | Build | Farm |
| 18:25 | Build | Farm |
| 18:39 | Build | Farm |
| 18:41 | Create | Villager (Male) |
| 19:19 | Build | Palisade Gate |
| 19:27 | Create | Archer |
| 19:38 | Create | Scout Cavalry |
| 19:51 | Create | Villager (Male) |
| 19:54 | Build | Farm |
| 19:54 | Build | Farm |
| 19:54 | Build | Farm |
| 19:54 | Build | Farm |
| 19:55 | Build | Farm |
| 19:55 | Build | Farm |
| 19:55 | Build | Farm |
| 19:55 | Build | Farm |
| 19:56 | Build | Farm |
| 19:56 | Build | Farm |
| 19:56 | Build | Farm |
| 20:32 | Build | Farm |
| 20:37 | Create | Scout Cavalry |
| 20:38 | Create | Skirmisher |
| 20:46 | Build | House |
| 20:56 | Build | Farm |
| 21:16 | Create | Archer |
| 21:28 | Research | Castle Age |
| 21:37 | Build | Archery Range |
| 22:21 | Research | Gold Mining |
| 22:24 | Research | Horse Collar |
| 22:34 | Create | Archer |
| 22:34 | Create | Archer |
| 22:37 | Create | Archer |
| 22:44 | Create | Spearman |
| 22:57 | Build | Palisade Wall |
| 23:18 | Create | Archer |
Build order — LukeTheHunter
First 150 of 476 actions detected
| 0:01 | Create | Villager (Male) |
| 0:01 | Create | Villager (Male) |
| 0:02 | Build | House |
| 0:04 | Build | House |
| 0:06 | Create | Villager (Male) |
| 0:06 | Create | Villager (Male) |
| 0:07 | Create | Villager (Male) |
| 1:24 | Create | Villager (Male) |
| 1:24 | Create | Villager (Male) |
| 1:46 | Build | Lumber Camp |
| 2:00 | Create | Villager (Male) |
| 2:18 | Create | Villager (Male) |
| 2:18 | Create | Villager (Male) |
| 2:47 | Create | Villager (Male) |
| 2:48 | Create | Villager (Male) |
| 3:15 | Create | Villager (Male) |
| 3:30 | Create | Villager (Male) |
| 3:50 | Build | House |
| 4:06 | Create | Villager (Male) |
| 4:30 | Build | Barracks |
| 4:35 | Create | Villager (Male) |
| 4:37 | Create | Villager (Male) |
| 4:37 | Create | Villager (Male) |
| 4:53 | Build | House |
| 5:01 | Build | House |
| 5:14 | Create | Villager (Male) |
| 5:24 | Create | Militia |
| 5:24 | Create | Militia |
| 5:40 | Create | Villager (Male) |
| 5:41 | Create | Villager (Male) |
| 6:06 | Build | Mill |
| 6:12 | Create | Villager (Male) |
| 6:25 | Create | Villager (Male) |
| 6:59 | Create | Villager (Male) |
| 7:04 | Research | Loom |
| 8:09 | Research | Feudal Age |
| 8:31 | Build | Mill |
| 8:50 | Build | Mining Camp |
| 8:53 | Build | Mill |
| 9:13 | Create | Militia |
| 9:19 | Create | Villager (Male) |
| 9:38 | Create | Militia |
| 10:19 | Age | Feudal Age |
| 10:21 | Research | Man-at-Arms (upgrade) |
| 10:24 | Build | Archery Range |
| 10:32 | Build | House |
| 10:41 | Create | Villager (Male) |
| 10:49 | Build | Farm |
| 10:54 | Research | Double-Bit Axe |
| 10:55 | Create | Villager (Male) |
| 10:55 | Create | Villager (Male) |
| 10:56 | Create | Villager (Male) |
| 11:12 | Create | Skirmisher |
| 11:12 | Create | Skirmisher |
| 11:17 | Build | Palisade Wall |
| 11:21 | Create | Villager (Male) |
| 11:46 | Research | Horse Collar |
| 11:47 | Research | Horse Collar |
| 11:50 | Build | Farm |
| 11:59 | Create | Villager (Male) |
| 12:01 | Create | Villager (Male) |
| 12:01 | Create | Villager (Male) |
| 12:02 | Create | Villager (Male) |
| 12:14 | Build | Farm |
| 12:17 | Build | Farm |
| 12:37 | Build | Farm |
| 12:39 | Create | Villager (Male) |
| 12:40 | Create | Skirmisher |
| 12:54 | Create | Villager (Male) |
| 12:55 | Create | Skirmisher |
| 13:24 | Build | Blacksmith |
| 13:27 | Create | Villager (Male) |
| 13:37 | Create | Skirmisher |
| 13:37 | Create | Skirmisher |
| 13:53 | Create | Villager (Male) |
| 13:56 | Build | Palisade Gate |
| 13:57 | Build | Palisade Wall |
| 14:09 | Research | Fletching |
| 14:09 | Create | Villager (Male) |
| 14:19 | Create | Skirmisher |
| 14:28 | Create | Villager (Male) |
| 14:29 | Create | Villager (Male) |
| 14:37 | Build | House |
| 14:40 | Build | Farm |
| 14:40 | Build | Farm |
| 14:42 | Build | Farm |
| 14:42 | Build | Farm |
| 14:43 | Build | Farm |
| 14:43 | Build | Farm |
| 14:47 | Create | Villager (Male) |
| 14:47 | Create | Villager (Male) |
| 14:53 | Build | House |
| 14:54 | Build | Palisade Wall |
| 15:01 | Create | Skirmisher |
| 15:11 | Build | House |
| 15:12 | Build | House |
| 15:13 | Create | Villager (Male) |
| 15:25 | Build | Farm |
| 15:30 | Create | Skirmisher |
| 15:31 | Create | Villager (Male) |
| 15:32 | Create | Villager (Male) |
| 15:49 | Create | Skirmisher |
| 15:49 | Create | Villager (Male) |
| 16:04 | Create | Skirmisher |
| 16:04 | Create | Villager (Male) |
| 16:18 | Build | Stable |
| 16:55 | Create | Villager (Male) |
| 17:01 | Build | House |
| 17:03 | Build | Farm |
| 17:03 | Build | Farm |
| 17:09 | Create | Villager (Male) |
| 17:11 | Create | Scout Cavalry |
| 17:11 | Create | Scout Cavalry |
| 17:22 | Build | Lumber Camp |
| 17:26 | Build | Farm |
| 17:26 | Build | Farm |
| 17:26 | Build | Farm |
| 17:32 | Build | Palisade Wall |
| 17:36 | Create | Villager (Male) |
| 17:51 | Build | Farm |
| 17:53 | Create | Scout Cavalry |
| 17:54 | Create | Villager (Male) |
| 17:54 | Create | Villager (Male) |
| 18:01 | Build | Palisade Wall |
| 18:05 | Build | House |
| 18:16 | Build | Farm |
| 18:19 | Build | Farm |
| 18:25 | Create | Scout Cavalry |
| 18:29 | Build | Farm |
| 18:30 | Build | Farm |
| 19:05 | Create | Villager (Male) |
| 19:05 | Create | Villager (Male) |
| 19:22 | Build | Mill |
| 19:23 | Build | Farm |
| 19:24 | Build | Farm |
| 19:24 | Build | Farm |
| 19:24 | Build | Farm |
| 19:24 | Build | Farm |
| 19:24 | Build | Farm |
| 19:25 | Build | Farm |
| 19:25 | Build | Farm |
| 19:43 | Create | Villager (Male) |
| 19:57 | Build | Farm |
| 19:57 | Build | Farm |
| 19:58 | Build | Farm |
| 20:20 | Create | Villager (Male) |
| 20:34 | Create | Villager (Male) |
| 20:41 | Research | Gold Mining |
| 20:42 | Research | Gold Mining |
| 20:51 | Create | Villager (Male) |
Match timeline
| 4:30 | LukeTheHunter · first_building Barracks |
| 6:49 | Maquiavelo · first_building Barracks |
| 8:24 | Maquiavelo · wall_segment Palisade Wall x1 |
| 8:29 | Maquiavelo · wall_segment Palisade Wall x3 |
| 8:52 | Maquiavelo · age_up feudal |
| 8:59 | Maquiavelo · first_building Archery Range |
| 9:05 | Maquiavelo · wall_segment Palisade Wall x9 |
| 9:25 | Maquiavelo · wall_segment Palisade Wall x7 |
| 9:28 | Maquiavelo · wall_segment Palisade Wall x7 |
| 9:30 | Maquiavelo · wall_segment Palisade Wall x1 |
| 9:33 | Maquiavelo · wall_segment Palisade Wall x1 |
| 10:10 | Maquiavelo · wall_segment Palisade Wall x2 |
| 10:13 | Maquiavelo · wall_segment Palisade Wall x4 |
| 10:19 | LukeTheHunter · age_up feudal |
| 10:24 | LukeTheHunter · first_building Archery Range |
| 11:17 | LukeTheHunter · wall_segment Palisade Wall x13 |
| 13:57 | LukeTheHunter · wall_segment Palisade Wall x1 |
| 14:32 | Maquiavelo · first_building Stable |
| 14:54 | LukeTheHunter · wall_segment Palisade Wall x14 |
| 16:18 | LukeTheHunter · first_building Stable |
| 17:32 | LukeTheHunter · wall_segment Palisade Wall x9 |
| 18:01 | LukeTheHunter · wall_segment Palisade Wall x15 |
| 22:57 | Maquiavelo · wall_segment Palisade Wall x10 |
| 23:48 | Maquiavelo · wall_segment Palisade Wall x1 |
| 24:00 | LukeTheHunter · age_up castle |
| 24:08 | Maquiavelo · age_up castle |
| 24:41 | Maquiavelo · wall_segment Palisade Wall x1 |
| 24:45 | Maquiavelo · wall_segment Palisade Wall x1 |
| 24:47 | Maquiavelo · wall_segment Palisade Wall x1 |
| 25:49 | LukeTheHunter · first_building Monastery |
| 31:14 | LukeTheHunter · wall_segment Stone Wall x5 |
| 33:06 | LukeTheHunter · first_building Castle |
| 35:54 | Maquiavelo · first_building Monastery |
| 37:43 | LukeTheHunter · wall_segment Stone Wall x1 |
| 37:59 | LukeTheHunter · age_up imperial |
| 38:39 | LukeTheHunter · first_market_sell 100 food |
| 39:27 | Maquiavelo · age_up imperial |
| 40:21 | Maquiavelo · resign |
[ AI ANALYSIS · 1 CREDIT ]
What really happened in this match?
Wolo.gg analyzes every decision: build order, eco, micro, common mistakes by bracket. Personalized analysis on WhatsApp or Discord in 30 seconds.
Civ guide
Chinese
Perfil
Jugador #546475